 Dungeon Crawl Stone Soup version 0.31.0-1-g2c135a0 (webtiles) character file.

Game seed: 10033295889558207629

1496142 Dhd the Slayer (level 26, 250/250 HPs)
             Began as a Purple Draconian Shapeshifter on Feb 25, 2024.
             Was a Follower of Uskayaw.
             Escaped with the Orb
             ... and 3 runes on Feb 26, 2024!
             The game lasted 06:28:41 (88103 turns).

Dhd the Slayer (Purple Draconian Shapeshifter)     Turns: 88103, Time: 06:28:42

Health: 250/250    AC: 23    Str: 26    XL:     26   Next: 39%
Magic:  29/33      EV: 21    Int: 16    God:    Uskayaw [*.....]
Gold:   3044       SH: 34    Dex: 13    Spells: 31/45 levels left

rFire   + .          .
                       - Unarmed
rCold   + . .        p - +8 tower shield {AC+3}
rNeg    + + .        (body armour unavailable)
rPois   +            N - +2 hat
rElec   .            e - +1 cloak of Starlight {*Dazzle EV+4 Stlth--}
rCorr   .            m - +2 pair of gloves "Hasa" {rPois Int+2 Dex-2 Slay+2}
SInv    +            O - +0 pair of boots of Ru's Delight {*Corrode rF+ Dex+2}
Will    ++++.        Z - amulet of reflection Stlth
                     K - ring "Hocrug Nize" {Slay+4 SInv}
HPRegen 0.61/turn    t - ring "Ozakeits" {Wiz rC+ rN++ Will+ Str+3 Stlth-}
MPRegen 0.23/turn

%: corrode self (3%), reflection, wizardry (x1)
@: maw-form, hasted (expiring), studying 2 skills, very quick
A: devouring maw, breathe power, AC +12, unfitting armour, cold-blooded, low MP
1, MP-powered wands
0: Orb of Zot
}: 3/15 runes: serpentine, barnacled, silver
a: Breathe Dispelling Energy, Begin Untransformation, Renounce Religion, Stomp


You escaped.
You worshipped Uskayaw.
Uskayaw was most pleased with you.
You were a creature with a mouth for a stomach.
You visited 10 branches of the dungeon, and saw 48 of its levels.
You also visited: Trove and Gauntlet.

You collected 10034 gold pieces.
You spent 6990 gold pieces at shops.

Inventory:

Missiles
 g - 5 throwing nets {!f}
 z - 15 silver javelins
 E - 5 curare-tipped darts {!f}
Armour
 e - the +1 cloak of Starlight (worn) {*Dazzle EV+4 Stlth--}
   (You found it on level 1 of the Snake Pit)

   *Dazzle:   It may blind those who miss an attack against the wearer in melee
   combat.
   EV+4:      It affects your evasion (+4).
   Stlth--:   It makes you much less stealthy.
 m - the +2 pair of gloves "Hasa" (worn) {rPois Int+2 Dex-2 Slay+2}
   (You found it on level 9 of the Dungeon)

   Int+2:     It affects your intelligence (+2).
   Dex-2:     It affects your dexterity (-2).
   Slay+2:    It affects your accuracy & damage with ranged weapons and melee
   (+2).
   rPois:     It protects you from poison
 n - a +1 cloak of preservation
 p - a +8 tower shield of protection (worn)
 N - a +2 hat (worn)
 O - the +0 pair of boots of Ru's Delight (worn) {*Corrode rF+ Dex+2}
   (You found it on level 2 of the Vaults)

   Dex+2:     It affects your dexterity (+2).
   rF+:       It protects you from fire.
   *Corrode:  It may corrode you when you take damage.
Jewellery
 o - the ring "Yleelyj" {rElec rPois rC++ rCorr MP-9 Dex-5}
   (You took it off a vault guard on level 5 of the Vaults)

   [ring of poison resistance]

   Dex-5:     It affects your dexterity (-5).
   rC++:      It greatly protects you from cold.
   rElec:     It insulates you from electricity.
   rPois:     It protects you from poison MP-9: It affects your magic capacity
   (-9).
   rCorr:     It protects you from acid and corrosion.
 t - the ring "Ozakeits" (right hand) {Wiz rC+ rN++ Will+ Str+3 Stlth-}
   (You found it in a treasure trove)

   [ring of wizardry]

   Wiz:       It improves your spell success rate.
   Str+3:     It affects your strength (+3).
   rC+:       It protects you from cold.
   rN++:      It greatly protects you from negative energy.
   Will+:     It increases your willpower.
   Stlth-:    It makes you less stealthy.
 A - the ring "Matsur" {EV+5 Dex+4}
   (You took it off a minotaur in a Gauntlet)

   [ring of evasion]

   EV+5:      It affects your evasion (+5).
   Dex+4:     It affects your dexterity (+4).
 K - the ring "Hocrug Nize" (left hand) {Slay+4 SInv}
   (You found it in a treasure trove)

   [ring of slaying]

   Slay+4:    It affects your accuracy & damage with ranged weapons and melee
   (+4).
   SInv:      It lets you see invisible.
 P - the ring "Ipef" {Fly rF+}
   (You found it on level 3 of the Vaults)

   [ring of flight]

   rF+:       It protects you from fire.
   Fly:       It grants you flight.
 W - the amulet "Roaqudaoc" {rF+ rC- rN+ Regen+ rCorr}
   (You found it in a treasure trove)

   [amulet of regeneration]

   rF+:       It protects you from fire.
   rC-:       It makes you vulnerable to cold.
   rN+:       It protects you from negative energy.
   Regen+:    It increases your rate of health regeneration.
   rCorr:     It protects you from acid and corrosion.
 Z - an amulet of reflection (around neck)
Talismans
 a - a maw talisman (active)
 Y - a dragon-blood talisman
Wands
 d - a wand of mindburst (34)
 i - a wand of digging (9)
 x - a wand of polymorph (24)
 G - a wand of flame (40)
 L - a wand of iceblast (62)
 U - a wand of light (44)
Scrolls
 j - 8 scrolls of fear
 k - 16 scrolls of teleportation
 l - 7 scrolls of immolation
 q - a scroll of blinking
 r - a scroll of torment
 y - 3 scrolls of poison
 B - 13 scrolls of fog
 C - 2 scrolls of enchant armour
 Q - 4 scrolls of silence {!r}
 V - 3 scrolls of vulnerability
Potions
 b - 10 potions of brilliance
 f - 4 potions of ambrosia
 h - 10 potions of lignification
 s - 3 potions of magic
 u - 4 potions of invisibility
 v - 13 potions of enlightenment
 D - 6 potions of might
 F - 2 potions of haste
 H - 7 potions of mutation
 I - 10 potions of attraction
 J - 22 potions of curing
 M - 2 potions of resistance
 S - 4 potions of cancellation
 X - 8 potions of heal wounds
Miscellaneous
 c - a lightning rod (4/4)
 w - a tin of tremorstones (2/2)
 R - a sack of spiders


   Skills:
 - Level 23.0 Fighting
 - Level 14.0 Dodging
 - Level 2.0 Stealth
 + Level 19.6 Shields
 - Level 22.0 Unarmed Combat
 - Level 10.0 Spellcasting
 - Level 12.0 Conjurations
 - Level 11.0 Translocations
 - Level 4.0 Earth Magic
 - Level 12.0 Alchemy
 + Level 17.9 Invocations
 - Level 9.0 Evocations
 - Level 16.0 Shapeshifting


You had 31 spell levels left.
You knew the following spells:

 Your Spells              Type           Power      Damage    Failure   Level
a - Irradiate             Conj/Alch      23%        3d19      1%          5
b - Manifold Assault      Tloc           43%        N/A       1%          4
j - Passwall              Erth           20%        N/A       3%          3
B - Blink                 Tloc           86%        N/A       1%          2

Your spell library contained the following spells:

 Spells                   Type           Power      Damage    Failure   Level
 Apportation              Tloc           86%        N/A       1%          1
 Foxfire                  Conj/Fire      100%       2x1d9     1%          1
 Magic Dart               Conj           100%       1d8       1%          1
 Sting                    Conj/Alch      100%       1d9       1%          1
 Cigotuvi's Dreadful Rot  Necr/Alch/Air  40%        N/A       1%          2
 Mercury Vapours          Alch/Air       54%        N/A       1%          2
 Momentum Strike          Conj/Tloc      88%        3d10      1%          2
 Searing Ray              Conj           92%        2d7       1%          2
 Dazzling Flash           Conj/Hex       54%        N/A       1%          3
 Hailstorm                Conj/Ice       27%        3d8       1%          3
 Stone Arrow              Conj/Erth      66%        3d11      1%          3
 Volatile Blastmotes      Fire/Tloc      50%        2d14      1%          3
 Fulminant Prism          Conj/Alch      23%        3d12      1%          4
 Iskenderun's Mystic Bla  Conj/Tloc      44%        2d10      1%          4
 Olgreb's Toxic Radiance  Alch           46%        N/A       1%          4
 Iskenderun's Battlesphe  Conj           46%        2d10      1%          5
 Brom's Barrelling Bould  Conj/Erth      33%        2d5       2%          4
 Leda's Liquefaction      Alch/Erth      16%        N/A       2%          4
 Petrify                  Alch/Erth      33%        N/A       2%          4
 Flame Wave               Conj/Fire      27%        2d9       5%          4
 Ignite Poison            Fire/Alch      27%        N/A       5%          4
 Sticky Flame             Fire/Alch      27%        2d7       5%          4
 Necrotise                Necr           32%        1d5       6%          1
 Slow                     Hex            32%        N/A       6%          1
 Summon Small Mammal      Summ           32%        N/A       6%          1
 Call Imp                 Summ           16%        N/A       9%          2
 Ensorcelled Hibernation  Hex/Ice        16%        N/A       9%          2
 Scorch                   Fire           16%        2d5       9%          2
 Sublimation of Blood     Necr           8%         N/A       9%          2
 Dispersal                Tloc           21%        N/A       11%         6
 Arcjolt                  Conj/Air       13%        1d23      14%         5
 Fireball                 Conj/Fire      13%        3d7       14%         5
 Yara's Violent Unravell  Hex/Alch       13%        3d7       14%         5
 Call Canine Familiar     Summ           8%         N/A       17%         3
 Confusing Touch          Hex            8%         N/A       17%         3
 Frozen Ramparts          Ice            16%        1d3       17%         3
 Fugue of the Fallen      Necr           8%         N/A       17%         3
 Inner Flame              Hex/Fire       8%         N/A       17%         3
 Sigil of Binding         Hex            8%         N/A       17%         3
 Summon Ice Beast         Ice/Summ       8%         N/A       17%         3
 Swiftness                Air            8%         N/A       17%         3
 Tukima's Dance           Hex            8%         N/A       17%         3
 Vampiric Draining        Necr           8%         2d6       17%         3
 Summon Forest            Summ/Tloc      12%        N/A       17%         5
 Freezing Cloud           Conj/Ice/Air   10%        6-21      32%         5
 Lee's Rapid Deconstruct  Erth           10%        3d8*      32%         5
 Bombard                  Conj/Erth      16%        9d3       32%         6
 Orb of Destruction       Conj           23%        9d8       34%         7
 Anguish                  Hex/Necr       4%         N/A       50%         4
 Dispel Undead            Necr           8%         3d8       50%         4
 Martyr's Knell           Necr/Summ      8%         N/A       50%         4
 Summon Blazeheart Golem  Fire/Summ      8%         N/A       50%         4
 Conjure Ball Lightning   Conj/Air       13%        3x3d6     58%         6
 Sculpt Simulacrum        Ice/Alch       13%        N/A       58%         6
 Starburst                Conj/Fire      13%        6d6       58%         6
 Metabolic Englaciation   Hex/Ice        4%         N/A       82%         5
 Summon Mana Viper        Hex/Summ       8%         N/A       82%         5
 Spellforged Servitor     Conj/Summ      13%        N/A       98%         7
 Disjunction              Tloc           21%        N/A       98%         8
 Death Channel            Necr           4%         N/A       100%        6
 Summon Cactus Giant      Summ           4%         N/A       100%        6
 Haunt                    Necr/Summ      4%         N/A       100%        7
 Monstrous Menagerie      Summ           4%         N/A       100%        7
 Ozocubu's Refrigeration  Ice            4%         4d8       100%        7
 Borgnjor's Revivificati  Necr           4%         N/A       100%        8
 Discord                  Hex            4%         N/A       100%        8
 Ignition                 Fire           4%         3d4       100%        8
 Lehudib's Crystal Spear  Conj/Erth      16%        10d5      100%        8
 Maxwell's Capacitive Co  Air            4%         ∞         100%        8
 Chain Lightning          Conj/Air       13%        3d18      100%        9
 Death's Door             Necr           4%         N/A       100%        9
 Fire Storm               Conj/Fire      13%        8d4       100%        9
 Polar Vortex             Ice            4%         N/A       100%        9
 Shatter                  Erth           10%        3d11*     100%        9
 Animate Armour           Summ/Erth      Unusable   N/A       N/A         4

Dungeon Overview and Level Annotations

Branches:
Dungeon (15/15)            Temple (1/1) D:6            Lair (5/5) D:9
 Shoals (4/4) Lair:3        Snake (4/4) Lair:3        Slime (0/5) Lair:4
    Orc (2/2) D:12            Elf (3/3) Orc:2        Vaults (5/5) D:13
  Crypt (0/3) Vaults:3     Depths (4/4) D:15            Zot (5/5) Depths:4
Gauntlet (visited)

Altars:
Ashenzari
Cheibriados
Dithmenos
Elyvilon
Fedhas
Gozag
Hepliaklqana
Kikubaaqudgha
Makhleb
Nemelex Xobeh
Okawaru
Qazlal
Ru
Sif Muna
Trog
Uskayaw
Vehumet
Wu Jian
Xom
Yredelemnul
Zin
The Shining One
Jiyva

Shops:
D:2 *[(**   D:6 *   Orc:1 *   Orc:2 ((:   Elf:2 !   Shoals:3 (   Snake:2 ((
Snake:3 (   Depths:1 *   Depths:3 *

Portals:
Hell: Depths:1 Depths:2 Depths:3 Depths:4
Abyss: Depths:1 Depths:3
Pandemonium: Depths:1 Depths:2
Ziggurat: Depths:3

Annotations:
D:1 exclusion: downstairs
D:9 exclusion: downstairs
Lair:3 exclusion: door
Depths:1 6 runed translucent doors


Innate Abilities, Weirdness & Mutations

You are a creature with a mouth for a stomach.
Your midsection houses a second, enormous mouth.
You can breathe bolts of dispelling energy.
Your rich purple scales are hard. (AC +12)
You cannot fit into any form of body armour.
You are cold-blooded and may be slowed by cold attacks.
Your magical capacity is low. (-10% MP)
You expend magic power (3 MP) to strengthen your wands.


Message History

You bite the demonspawn warmonger!!
The demonspawn warmonger is heavily wounded.
Uskayaw will force your foes to helplessly watch your dance.
Uskayaw prepares the audience for your solo!
The helpless demonspawn warmonger fails to defend itself.
You squash the demonspawn warmonger like an ant!!!
You devour the demonspawn warmonger!
You feel better.
You kill the demonspawn warmonger!
Uskayaw will force your foes to share their pain.
An Orb Guardian comes into view.
The Orb Guardian moves out of view.
There is a stone staircase leading up here.
You climb upwards.
Level annotation: exclusion: downstairs
There is a stone staircase leading down here.
What level of the Dungeon? (default 1, ? - help)
Okay, then.
Aiming: Dig
Press: ? - help, Shift-Dir - straight line A rock wall.
This square is covered in magical glow.
Okay, then.
You can no longer pass through a line of other dancers.
You feel yourself speed up.
Aiming: Dig
Press: ? - help, Shift-Dir - straight line A rock wall.
This square is covered in magical glow.
You feel a surge of power!
The rock shatters into small pieces.
Your magical contamination has completely faded away.
Aiming: Dig
Press: ? - help, Shift-Dir - straight line A rock wall.
This square is covered in magical glow.
You feel a surge of power!
The rock shatters into small pieces.
Your extra speed is starting to run out.
You enter the shallow water.
Moving in this stuff is going to be slow.
There is a staircase leading out of the dungeon here.
You have escaped!

#[###....##.##...###.#.........
#############.################.##
##.....#.......~~~≈≈≈≈≈≈≈# #.#
....#......~~~...~~≈≈≈≈≈≈# #.#
#...##...~~~≈~.~....≈~≈≈≈#####.#
....##..~.~~.≈.~~≈...~≈~≈#.....#
....#..~.~..~~~.~~~....~≈#...###
...#......~~~≈≈~~~~~...≈≈#...#
...##....≈..≈≈≈≈W~~....≈≈#...#
##.#....~~≈.~≈≈~≈~...~~~≈#...#
...#..#...~≈~~~.....~≈~≈≈#.#.#
##....#...~~~....~~≈~≈≈≈≈#.#.#
.#...........##~~~≈≈≈≈≈≈≈#...#
.#.......#################..##
###....#####.#.# #..#..#
.....######....# #..#..#
###....)....#..########..#..#


There were no monsters in sight!

Vanquished Creatures
  2 dread liches (Zot:5)
  4 ancient liches
  5 orbs of fire
  A juggernaut (Depths:4)
  Sojobo (Depths:2)
  Boris (Depths:2)
  3 Killer Klowns
  A caustic shrike (Depths:2)
  A curse toe (Zot:4)
  Nikola (Snake:4)
  14 golden dragons
  Norris (Depths:3)
  3 doom hounds (Depths:2)
  3 electric golems
  15 tentacled monstrosities
  Jorgrun (Orc:2)
  2 walking earthen tomes (Depths:2)
  27 Orb Guardians
  2 walking crystal tomes (Depths:2)
  Grunn (Depths:2)
  9 liches
  10 quicksilver dragons
  7 sphinxes
  4 titans
  3 deep elf blademasters
  2 deep elf master archers (Elf:3)
  A kraken (Shoals:4)
  2 walking divine tomes (Depths:2)
  2 Executioners
  6 tengu reavers
  12 death cobs
  Gastronok (D:10)
  6 shadow dragons
  Aizul (Shoals:1)
  6 nagarajas
  16 storm dragons
  A demonspawn warmonger (D:2)
  Donald (Vaults:1)
  9 draconian monks
  A daeva (D:8)
  4 protean progenitors (Zot:2)
  Ilsuiw (Shoals:1)
  2 emperor scorpions (Zot:2)
  6 deep elf sorcerers
  An iron dragon (Vaults:5)
  10 fire giants
  6 draconian knights
  A ghost moth (Zot:4)
  22 vault wardens
  11 draconian shifters
  A balrug (Depths:4)
  15 frost giants
  7 draconian scorchers
  5 draconian annihilators
  5 deep elf elementalists (Elf:3)
  20 ironbound preservers
  4 spriggan defenders (Depths:2)
  13 very ugly things
  9 draconian stormcallers
  2 orc warlords
  An ironbound thunderhulk (Vaults:2)
  6 vampire knights
  12 deep elf death magi
  4 formless jellyfish
  17 stone giants
  The ghost of samurai2 the Severer, a journeyman MiFi of Okawaru (Lair:3)
  14 green draconians
  11 yellow draconians
  8 deep elf annihilators
  3 purple draconians
  7 deep elf demonologists
  A minotaur (Gauntlet)
  7 white draconians
  3 spark wasps (Depths:2)
  13 red draconians
  2 war gargoyles
  11 black draconians
  2 blizzard demons
  Josephine (Lair:4)
  7 merfolk javelineers
  3 deep elf high priests
  3 crystal guardians
  23 ettins
  13 yaktaur captains
  6 fire dragons
  An entropy weaver (Vaults:2)
  8 merfolk impalers
  3 ogre magi
  A rakshasa (Depths:1)
  A jiangshi (Vaults:3)
  3 peacekeepers
  4 salamander tyrants
  7 ice dragons
  4 catoblepae
  32 vault guards
  9 hydras
  2 great orbs of eyes (Vaults:2)
  7 merfolk avatars
  10 centaur warriors
  6 spriggan air magi
  2 radroaches (Zot:2)
  3 boulder beetles
  A satyr (Shoals:4)
  27 dancing weapons
  13 naga warriors
  2 merfolk aquamancers (Shoals:4)
  10 ironbound frosthearts
  A two-headed ogre (shapeshifter) (Vaults:5)
  7 deep troll shamans
  7 anacondas
  5 deep troll earth magi
  4 two-headed ogres
  A demonic crawler (Zot:2)
  8 death yaks (Lair:5)
  2 occultists
  10 tengu warriors
  5 shock serpents
  2 vampire magi
  Sonja (Lair:3)
  Urug (Lair:5)
  8 spriggan berserkers
  8 naga sharpshooters
  A storm dragon zombie (Depths:2)
  A soul eater (Depths:1)
  Amaemon (D:10)
  6 orc high priests (Orc:2)
  Nergalle (D:11)
  2 sun demons
  17 deep elf knights
  6 salamander mystics
  7 hell knights
  9 skysharks
  A death drake (Zot:4)
  A fire crab (Gauntlet)
  12 sea snakes
  A sixfirhy (Depths:1)
  5 skeletal warriors (D:12)
  Lodul (D:10)
  A shining eye (shapeshifter) (Depths:2)
  6 iron trolls
  2 mana vipers (shapeshifter)
  9 arcanists
  14 mana vipers
  3 spriggan simulacra
  7 phantasmal warriors
  2 flayed ghosts
  16 naga ritualists
  12 deep elf archers
  75 deep trolls
  6 glowing orange brains
  2 glowing orange brains (shapeshifter)
  5 orc knights
  A tengu zombie (Depths:2)
  21 ironbound convokers
  A wolf spider (Vaults:5)
  27 deep elf pyromancers
  23 deep elf zephyrmancers
  8 necromancers
  14 lindwurms
  A shadow dragon skeleton (Depths:2)
  25 harpies
  An orc sorcerer (Orc:1)
  A salamander (shapeshifter) (Depths:2)
  27 salamanders
  7 cyclopes
  14 fauns
  15 ugly things
  12 elephants
  17 manticores
  32 moths of wrath
  Maurice (D:12)
  21 naga magi
  43 black mambas
  A stone giant skeleton (Depths:2)
  2 kobold blastminers
  12 merfolk sirens
  6 guardian serpents
  6 water nymphs
  Joseph (D:9)
  2 frost giant skeletons (Depths:2)
  A smoke demon (Depths:4)
  An orange demon (D:10)
  5 gargoyles (D:9)
  17 vault sentinels
  21 cane toads
  A storm dragon simulacrum (Depths:2)
  Jeremiah (D:7)
  A torpor snail (Lair:5)
  2 efreet
  2 kobold demonologists
  4 unseen horrors
  4 rime drakes
  7 komodo dragons
  5 freezing wraiths
  39 yaktaurs
  4 tengu conjurers
  A golden dragon simulacrum (Depths:2)
  An anaconda simulacrum (Snake:3)
  3 polar bears
  7 trolls
  30 merfolk
  A queen bee (Gauntlet)
  A troll (shapeshifter) (D:13)
  7 wind drakes
  An alligator simulacrum (Snake:3)
  3 glass eyes
  A hornet (D:8)
  Prince Ribbit (D:6)
  A dream sheep (shapeshifter) (Depths:2)
  4 tyrant leeches
  10 dream sheep
  23 blink frogs
  7 snapping turtles
  13 slime creatures
  A snapping turtle (shapeshifter) (Depths:4)
  2 vampires
  An air elemental (Elf:1)
  A dire elephant simulacrum (Snake:3)
  2 wyverns
  68 yaks
  A spriggan (Lair:4)
  A human (Lair:1)
  16 water elementals
  6 wraiths
  2 fire bats (Gauntlet)
  2 fire elementals
  5 basilisks
  12 vampire mosquitoes
  9 wargs
  3 redbacks (Vaults:2)
  A chaos spawn (D:7)
  2 steam dragons (D:9)
  Menkaure (D:7)
  A minotaur simulacrum (Snake:3)
  A harpy simulacrum (Snake:3)
  60 nagas
  4 swamp worms (Gauntlet)
  11 water moccasins
  27 orc warriors
  3 ice beasts
  2 laughing skulls (D:15)
  A swamp worm (shapeshifter) (Vaults:5)
  19 ogres
  2 sky beasts
  4 black bears
  5 boggarts (Vaults:4)
  7 centaurs
  13 wolves
  3 phantoms
  5 kobold brigands
  20 bullfrogs
  3 scorpions
  A gnoll sergeant (D:8)
  A deep troll simulacrum (Snake:3)
  6 earth elementals
  8 wights (D:7)
  2 jellies
  11 killer bees
  4 electric eels
  13 howler monkeys
  2 bombardier beetles
  26 orc priests
  10 hounds
  2 gnoll boudas
  7 iguanas
  A sleepcap (D:6)
  Ijyb (D:4)
  21 orc wizards
  4 hell rats (Lair:5)
  Terence (D:3)
  9 adders
  15 gnolls
  2 white imps (D:7)
  3 ufetubi (D:6)
  3 dart slugs
  3 ribbon worms
  88 orcs
  2 ball pythons
  4 bats
  9 endoplasms
  3 giant cockroaches
  7 goblins
  4 hobgoblins
  3 jackals
  22 kobolds
  2 quokkas (D:2)
  3 training dummies (Snake:3)
  3 frilled lizards
  5 rats
  4 tentacles (Shoals:4)
2185 creatures vanquished.

Vanquished Creatures (collateral kills)
  3 dancing weapons
  A naga ritualist (Snake:4)
  A lindwurm (Vaults:1)
5 creatures vanquished.

Vanquished Creatures (others)
  An ironbound preserver (Vaults:5)
  A deep elf zephyrmancer (Elf:2)
  A moth of wrath (Zot:2)
  A naga mage (Snake:4)
  2 nagas (Snake:4)
  7 tentacles (Shoals:4)
13 creatures vanquished.

Grand Total: 2203 creatures vanquished

Notes
Turn   | Place    | Note
-------+----------+-------------------------------------------
     0 | D:1      | Dhd the Draconian Shapeshifter began the quest for the Orb.
     0 | D:1      | Reached XP level 1. HP: 16/16 MP: 1/1
   100 | D:1      | Reached skill level 1 in Stealth
   271 | D:1      | Reached XP level 2. HP: 7/23 MP: 2/2
   649 | D:1      | Reached skill level 2 in Fighting
   879 | D:2      | Reached XP level 3. HP: 16/29 MP: 3/3
  1054 | D:2      | Found Reinn's General Store.
  1057 | D:2      | Bought a scroll of noise for 13 gold pieces
  1057 | D:2      | Bought a wand of flame (1) for 9 gold pieces
  1152 | D:2      | Found Neotuz's Assorted Antiques.
  1158 | D:2      | Found Nino's Weapon Emporium.
  1213 | D:2      | Noticed an ogre
  1385 | D:2      | Found Cifuptiz's General Store.
  1471 | D:2      | Bought a scroll of identify for 26 gold pieces
  1504 | D:2      | Found a faded altar of an unknown god.
  1508 | D:2      | Found Liucosuj's Antique Armour Shop.
  1868 | D:3      | Reached XP level 4. HP: 31/37 MP: 4/4
  2042 | D:3      | Noticed Terence
  2051 | D:3      | Killed Terence
  2062 | D:3      | Reached skill level 3 in Fighting
  2612 | D:3      | Reached XP level 5. HP: 45/45 MP: 5/5
  2784 | D:4      | Noticed a black bear
  2835 | D:4      | Noticed Dowan
  2916 | D:4      | Noticed Duvessa
  3205 | D:4      | Noticed Ijyb
  3224 | D:4      | Killed Ijyb
  3308 | D:4      | Reached skill level 4 in Fighting
  3308 | D:4      | Reached XP level 6. HP: 38/52 MP: 6/6
  3526 | D:4      | Duvessa changed into Duvessa the howler monkey
  3526 | D:4      | Noticed Duvessa
  3530 | D:4      | Killed Duvessa the howler monkey
  3531 | D:4      | Dowan changed into Dowan the howler monkey
  3531 | D:4      | Noticed Dowan
  3537 | D:4      | Killed Dowan the howler monkey
  4522 | D:2      | Found Liucosuj's Antique Armour Shop.
  4531 | D:2      | Found a faded altar of an unknown god.
  4542 | D:2      | Reached skill level 5 in Fighting
  4542 | D:2      | Your scales start taking on a rich purple colour.
  4542 | D:2      | Reached XP level 7. HP: 38/61 MP: 7/7
  4667 | D:2      | Found Neotuz's Assorted Antiques.
  4670 | D:2      | Found Nino's Weapon Emporium.
  4674 | D:2      | Bought a scroll labelled DOPEIKL BEOZ for 24 gold pieces
  4674 | D:2      | Bought a scroll labelled ONUROO VYJYDGH for 24 gold pieces
  4731 | D:2      | Bought a scroll of identify for 26 gold pieces
  4831 | D:2      | Found Reinn's General Store.
  5157 | D:5      | Entered Level 5 of the Dungeon
  5201 | D:5      | Reached skill level 5 in Shapeshifting
  5244 | D:5      | Reached skill level 5 in Unarmed Combat
  5363 | D:5      | Found a stormy altar of Qazlal.
  5569 | D:5      | Reached skill level 1 in Evocations
  5719 | D:5      | Found a sacrificial altar of Ru.
  6234 | D:6      | Reached skill level 6 in Fighting
  6234 | D:6      | Reached XP level 8. HP: 67/70 MP: 8/8
  6303 | D:6      | Identified a scroll of acquirement
  6304 | D:6      | Acquired 1048 gold pieces
  6442 | D:2      | Bought a scroll of acquirement for 676 gold pieces
  6442 | D:2      | Acquired 668 gold pieces
  6508 | D:2      | Bought a tin of tremorstones (2/2) for 520 gold pieces
  6565 | D:2      | Bought a potion of enlightenment for 120 gold pieces
  7032 | D:6      | Found a basalt altar of Yredelemnul.
  7140 | D:6      | Reached skill level 7 in Fighting
  7412 | D:6      | Found Xasy's Assorted Antiques.
  7418 | D:6      | Bought 2 green potions for 48 gold pieces
  7418 | D:6      | Bought a blackened gilded ring for 135 gold pieces
  7460 | D:6      | Found a staircase to the Ecumenical Temple.
  7619 | Temple   | Entered the Ecumenical Temple
  7643 | Temple   | Became a worshipper of Uskayaw the Reveller
  7715 | D:6      | Noticed Prince Ribbit
  7730 | D:6      | Reached * piety under Uskayaw
  7735 | D:6      | Reached ** piety under Uskayaw
  7740 | D:6      | Killed Prince Ribbit
  7740 | D:6      | Reached *** piety under Uskayaw
  7741 | D:6      | Reached XP level 9. HP: 40/79 MP: 9/9
  8204 | D:6      | Identified the +1 leather armour of Wasted Space {*Corrode
                  | +Inv rN+ Stlth+}
  8309 | D:7      | Reached **** piety under Uskayaw
  8313 | D:7      | Reached ***** piety under Uskayaw
  8486 | D:7      | Reached skill level 1 in Invocations
  8870 | D:7      | Reached skill level 5 in Dodging
  9232 | D:7      | Noticed Jeremiah
  9572 | D:7      | Killed Jeremiah
  9573 | D:7      | Reached skill level 8 in Fighting
  9573 | D:7      | Reached XP level 10. HP: 84/88 MP: 12/12
  9628 | D:7      | Noticed Menkaure
  9637 | D:7      | Killed Menkaure
  9786 | D:8      | Reached ****** piety under Uskayaw
  9856 | D:8      | Found a bloodstained altar of Trog.
 10374 | D:8      | Reached skill level 9 in Fighting
 10772 | D:8      | Found a glowing silver altar of Zin.
 11299 | D:8      | Found a glowing silver altar of Zin.
 11515 | D:8      | Found a bloodstained altar of Trog.
 11868 | D:9      | Noticed a tengu warrior
 12142 | D:9      | Found a staircase to the Lair.
 12295 | D:9      | Noticed Joseph
 12300 | D:9      | Killed Joseph
 12414 | D:9      | Noticed a gargoyle
 12417 | D:9      | Killed a gargoyle
 12418 | D:9      | Reached XP level 11. HP: 90/99 MP: 14/14
 12472 | D:9      | Reached skill level 10 in Fighting
 12794 | D:9      | Found a broken altar of Ashenzari.
 13013 | D:9      | Found a shimmering blue altar of Sif Muna.
 13233 | D:10     | Entered Level 10 of the Dungeon
 13260 | D:10     | Noticed Amaemon
 13267 | D:10     | Killed Amaemon
 13272 | D:10     | Reached skill level 10 in Unarmed Combat
 13604 | D:10     | Noticed Gastronok
 13969 | D:10     | Killed Gastronok
 14170 | D:10     | Noticed Lodul
 14219 | D:10     | Killed Lodul
 14632 | Lair:1   | Entered Level 1 of the Lair of Beasts
 14702 | Lair:1   | Reached XP level 12. HP: 104/106 MP: 15/15
 15897 | Lair:1   | Identified the +5 quarterstaff of the Howling One {freeze,
                  | ^Fragile rF++ rN+++}
 15996 | Lair:1   | Found a runed translucent door.
 16568 | Lair:2   | Reached skill level 10 in Shapeshifting
 16875 | Lair:2   | Reached skill level 11 in Fighting
 17030 | Lair:2   | Reached skill level 5 in Invocations
 17951 | Lair:3   | Found a runed translucent door.
 17952 | Lair:3   | Noticed samurai2's ghost (journeyman MiFi)
 18009 | Lair:3   | Reached XP level 13. HP: 116/116 MP: 17/17
 18017 | Lair:3   | Noticed Sonja
 18032 | Lair:3   | Killed Sonja
 18268 | Lair:3   | Reached skill level 5 in Evocations
 18595 | Lair:3   | Found a staircase to the Snake Pit.
 18816 | Lair:3   | Found a staircase to the Shoals.
 19065 | Lair:4   | Reached skill level 12 in Fighting
 19461 | Lair:4   | Reached skill level 10 in Dodging
 19580 | Lair:4   | Found a staircase to the Slime Pits.
 19582 | Lair:4   | Found a viscous altar of Jiyva.
 19796 | Lair:4   | Learned a level 3 spell: Passwall
 20008 | Lair:4   | Reached skill level 1 in Spellcasting
 20008 | Lair:4   | Reached skill level 1 in Earth Magic
 20390 | Lair:4   | Noticed Josephine
 20395 | Lair:4   | Killed Josephine
 20789 | Lair:5   | Entered Level 5 of the Lair of Beasts
 21237 | Lair:5   | Reached XP level 14. HP: 127/127 MP: 19/19
 21389 | Lair:5   | Reached skill level 13 in Fighting
 21736 | Lair:5   | Noticed Urug
 21749 | Lair:5   | Killed Urug
 23114 | D:9      | Identified the +2 pair of gloves "Hasa" {rPois Int+2 Dex-2
                  | Slay+2}
 23505 | D:11     | Identified the +10 trident of Inlesipi {venom, ^Contam
                  | rPois rC+ Dex+2}
 23515 | D:11     | Reached skill level 1 in Shields
 23574 | D:11     | Noticed Nergalle
 23582 | D:11     | Killed Nergalle
 23583 | D:11     | Reached skill level 14 in Fighting
 24279 | D:12     | Found a gate leading to a gauntlet.
 24433 | Gauntlet | Entered a Gauntlet
 24433 | Gauntlet | Found a transporter.
 24492 | Gauntlet | Found a runed translucent door.
 24496 | Gauntlet | Found a transporter.
 24501 | Gauntlet | Found a runed translucent door.
 24503 | Gauntlet | Found a runed translucent door.
 24505 | Gauntlet | Found a transporter.
 24508 | Gauntlet | Found a transporter.
 24518 | Gauntlet | Found a transporter.
 24535 | Gauntlet | Found a transporter.
 24546 | Gauntlet | Found a transporter.
 24549 | Gauntlet | Found the amulet of Vitality {RegenMP++ Regen++}
 24553 | Gauntlet | Found a runed translucent gate.
 24553 | Gauntlet | Found a runed translucent gate.
 24553 | Gauntlet | Found a runed translucent gate.
 24556 | Gauntlet | Found a transporter.
 24572 | Gauntlet | Found a transporter.
 24586 | Gauntlet | Found a transporter.
 24586 | Gauntlet | Found a transporter.
 24629 | Gauntlet | Found a transporter.
 24643 | Gauntlet | Found a transporter.
 24658 | Gauntlet | Found a transporter.
 25056 | Gauntlet | Identified the ring "Matsur" {EV+5 Dex+4}
 25071 | Gauntlet | Reached skill level 5 in Shields
 25082 | Gauntlet | Identified the ring "Morhas" {rN+ Int+4}
 25280 | D:12     | Reached XP level 15. HP: 138/138 MP: 21/21
 25316 | D:12     | Noticed Maurice
 25324 | D:12     | Killed Maurice
 25494 | D:12     | Found a staircase to the Orcish Mines.
 26052 | Orc:1    | Entered Level 1 of the Orcish Mines
 26256 | Orc:1    | Found Betimeca's CLEARANCE SALE!.
 26259 | Orc:1    | Bought a potion of haste for 60 gold pieces
 26348 | Orc:2    | Entered Level 2 of the Orcish Mines
 26703 | Orc:2    | Found a staircase to the Elven Halls.
 26889 | Orc:2    | Noticed Jorgrun
 26898 | Orc:2    | Killed Jorgrun
 26983 | Orc:2    | Found Onnoit's Antique Weapon Emporium.
 27007 | Orc:2    | Found Qeer's Antique Weapon Shoppe.
 27305 | Orc:2    | Gained mutation: Your spells are a little harder to cast,
                  | but a little more powerful. [a neqoxec]
 27339 | Orc:2    | Found Uclatak's Book Emporium.
 27347 | Orc:2    | Bought a book of Spontaneous Combustion for 532 gold pieces
 27353 | Orc:2    | Learned a level 5 spell: Irradiate
 27762 | D:13     | Found a portal to a secret trove of treasure.
 28041 | D:13     | Found a gate to the Vaults.
 29469 | D:15     | Entered Level 15 of the Dungeon
 29987 | D:15     | Reached skill level 10 in Shields
 30068 | D:15     | Found a staircase to the Depths.
 30745 | Snake:1  | Entered Level 1 of the Snake Pit
 30764 | Snake:1  | Found the +1 cloak of Starlight {*Dazzle EV+4 Stlth--}
 31163 | Snake:1  | Reached XP level 16. HP: 146/146 MP: 22/22
 32566 | Snake:2  | Found Xufrac's Antique Weapon Shoppe.
 32570 | Snake:2  | Found Luewom's Weapon Emporium.
 33626 | Snake:3  | Found a glacial archway.
 33698 | Snake:3  | Identified the +12 sling "Honoulett" {flame, rPois Str+2}
 33911 | Snake:3  | Reached skill level 15 in Fighting
 34018 | Snake:3  | Reached skill level 10 in Invocations
 34087 | Snake:3  | Found Biecw's Firing Range.
 34365 | Snake:3  | Reached skill level 15 in Unarmed Combat
 35026 | Snake:4  | Entered Level 4 of the Snake Pit
 35679 | Snake:4  | Identified the +5 flail of Internal Strife {holy, Dex+3}
 35711 | Snake:4  | Reached XP level 17. HP: 141/156 MP: 24/24
 35904 | Snake:4  | Identified the +7 quarterstaff "Xom's Recklessness" {holy,
                  | rC+}
 36040 | Snake:4  | Got the Precepts of Incandescent Fascination
 36044 | Snake:4  | Identified the staff "Grim Tooth" {^Contam Str+8 SInv
                  | Stlth- Earth}
 36753 | Snake:3  | Reached skill level 16 in Fighting
 38024 | Snake:4  | Got a serpentine rune of Zot
 38324 | Snake:4  | Noticed Nikola
 38334 | Snake:4  | Killed Nikola
 38700 | D:6      | Bought a scroll of acquirement for 1404 gold pieces
 38700 | D:6      | Bought a wand of flame (8) for 151 gold pieces
 38863 | Shoals:1 | Entered Level 1 of the Shoals
 39081 | Shoals:1 | Identified the serpent talisman "Kickul" {*Corrode rElec
                  | MP+9}
 39081 | Shoals:1 | Noticed Aizul
 39103 | Shoals:1 | Killed Aizul
 39448 | Shoals:1 | Learned a level 4 spell: Manifold Assault
 39575 | Shoals:1 | Reached XP level 18. HP: 166/166 MP: 25/25
 39856 | Shoals:2 | Noticed Ilsuiw
 39883 | Shoals:1 | Killed Ilsuiw
 40085 | Shoals:2 | Acquired 759 gold pieces
 41530 | Shoals:3 | Found Didasomm's Weapon Shoppe.
 41917 | Shoals:4 | Entered Level 4 of the Shoals
 43039 | Shoals:4 | Got a barnacled rune of Zot
 43159 | Shoals:4 | Identified the staff of the Orange Skies {rPois Int+3 Dex-4
                  | Conj Alchemy}
 43338 | Shoals:4 | Identified the +4 scale mail "Jiuss" {Str+3 Dex+2 Slay+3}
 43937 | Elf:1    | Entered Level 1 of the Elven Halls
 44650 | Elf:1    | Identified the +2 helmet of Limited Liability {*Corrode rC+
                  | rN++ Int+3}
 44778 | Elf:1    | Reached XP level 19. HP: 164/174 MP: 27/27
 45926 | Elf:2    | Found a runed translucent gate.
 45926 | Elf:2    | Found a runed translucent gate.
 45927 | Elf:2    | Found a runed translucent gate.
 45945 | Elf:2    | Reached skill level 17 in Fighting
 46112 | Elf:2    | Identified the +4 ring mail of Okawaru {rElec Str+2}
 46132 | Elf:2    | Found Pygouc's Distillery.
 46136 | Elf:2    | Bought a potion of heal wounds for 80 gold pieces
 46136 | Elf:2    | Bought a potion of haste for 160 gold pieces
 46136 | Elf:2    | Bought a potion of ambrosia for 128 gold pieces
 46136 | Elf:2    | Bought a potion of haste for 160 gold pieces
 46136 | Elf:2    | Bought a potion of curing for 48 gold pieces
 46136 | Elf:2    | Bought a potion of attraction for 48 gold pieces
 47476 | D:6      | Bought a scroll of enchant weapon for 202 gold pieces
 47779 | D:13     | You paid a toll of a +4 demon whip to enter a treasure
                  | trove
 47780 | Trove    | Entered a treasure trove
 47782 | Trove    | Identified the ring "Rula" {Ice rN+ MP+9}
 47787 | Trove    | Identified the amulet "Roaqudaoc" {rF+ rC- rN+ Regen+
                  | rCorr}
 47792 | Trove    | Identified the ring "Otelu" {Ice rPois Dex+2}
 47806 | Trove    | Identified the ring "Ozakeits" {Wiz rC+ rN++ Will+ Str+3
                  | Stlth-}
 47814 | Trove    | Identified the ring of Molaeso {rPois Will+ MP+9 Int+5}
 47828 | Trove    | Identified the ring "Cohoijy" {rPois rC+}
 47837 | Trove    | Identified the ring "Hocrug Nize" {Slay+4 SInv}
 47843 | Trove    | Identified the ring "Fenorysa" {EV+5 Int+3}
 47846 | Trove    | Identified the ring "Daimpieg" {rC+ MP+9}
 48020 | Elf:2    | Bought a potion of brilliance for 64 gold pieces
 48020 | Elf:2    | Bought a potion of brilliance for 64 gold pieces
 48070 | Elf:3    | Entered Level 3 of the Elven Halls
 48241 | Elf:3    | Reached skill level 1 in Translocations
 48727 | Elf:3    | Noticed a Brimstone Fiend
 48729 | Elf:3    | Noticed a Brimstone Fiend
 49294 | Elf:3    | Identified the +0 leather armour of Yesterday {rF+ Str+3}
 49402 | Elf:3    | Identified the +3 flail of the Unspeakable One {distort,
                  | Dex+2}
 49929 | Elf:3    | Identified the staff of Memeab {rElec rC+ Will+ Conj}
 49961 | Elf:3    | Reached skill level 5 in Spellcasting
 50591 | Elf:3    | Got the Guide on Dusty Spectres
 50949 | Vaults:1 | Entered Level 1 of the Vaults
 51490 | Vaults:1 | Reached skill level 5 in Translocations
 51861 | Vaults:1 | Reached XP level 20. HP: 187/187 MP: 29/29
 52022 | Vaults:1 | Noticed Donald
 52062 | Vaults:1 | Killed Donald
 52171 | Vaults:1 | Reached skill level 18 in Fighting
 52503 | Vaults:1 | Reached skill level 15 in Shields
 52701 | Vaults:1 | Identified the +1 leather armour of Fortification {rN+
                  | Int+4 Dex+6}
 53152 | Vaults:2 | Identified the +0 hand axe of Seitus {flame, rPois Str+3}
 54005 | Vaults:2 | Identified the +0 pair of boots of Ru's Delight {*Corrode
                  | rF+ Dex+2}
 55310 | Vaults:3 | Found a staircase to the Crypt.
 56464 | Vaults:3 | Reached skill level 10 in Translocations
 56925 | Vaults:3 | Paralysed by a formless jellyfish for 1 turns
 57105 | Vaults:3 | Learned a level 2 spell: Blink
 57148 | Vaults:3 | Reached XP level 21. HP: 194/194 MP: 31/31
 57385 | Vaults:3 | Noticed an ancient lich
 57703 | Vaults:2 | Killed an ancient lich
 58668 | Vaults:3 | Identified the ring "Ipef" {Fly rF+}
 59725 | Vaults:4 | Reached skill level 19 in Fighting
 59943 | Vaults:4 | Got the Spellbook of the Petrified Gathering
 59946 | Vaults:4 | Got the Treatise on Pyromancy
 60189 | Depths:1 | Entered Level 1 of the Depths
 60237 | Depths:1 | Reached skill level 15 in Shapeshifting
 60395 | Depths:1 | Found a basalt altar of Yredelemnul.
 60591 | Depths:1 | Found a gateway to Hell.
 60609 | Depths:1 | Found Ysoiskuh's Overcharged Wands.
 60747 | Depths:1 | Bought a wand of light (18) for 1134 gold pieces
 60774 | Depths:1 | Found a one-way gate to the infinite horrors of the Abyss.
 61213 | Depths:1 | Found a runed translucent gate.
 61213 | Depths:1 | Found a runed translucent gate.
 61213 | Depths:1 | Found a runed translucent gate.
 61287 | Depths:1 | Found a one-way gate leading to the halls of Pandemonium.
 61680 | Depths:1 | Found a runed translucent gate.
 61680 | Depths:1 | Found a runed translucent gate.
 61680 | Depths:1 | Found a runed translucent gate.
 62147 | Depths:2 | Noticed a golden dragon
 62169 | Depths:2 | Killed a golden dragon
 62246 | Depths:2 | Reached XP level 22. HP: 134/207 MP: 27/32
 62523 | Depths:2 | Found a shadowy altar of Dithmenos.
 62575 | Depths:2 | Noticed Grunn
 62601 | Depths:2 | Killed Grunn
 62853 | Depths:2 | Reached skill level 20 in Fighting
 63633 | Depths:2 | Gained mutation: You occasionally shout uncontrollably at
                  | your foes. [a shining eye]
 63768 | Depths:2 | Noticed Boris
 63790 | Depths:2 | Killed Boris
 63889 | Depths:2 | Reached skill level 21 in Fighting
 63896 | Depths:2 | Noticed a caustic shrike
 63908 | Depths:2 | Killed a caustic shrike
 64208 | Depths:2 | Got the Octavo of Oromancy and Dark Liturgies
 64441 | Depths:2 | Got the Opusculum on the Damaging Alembic
 64741 | Depths:2 | Noticed a golden dragon
 64749 | Depths:2 | Killed a golden dragon
 65170 | Depths:3 | Noticed Sojobo
 65177 | Depths:3 | Paralysed by an air elemental for 1 turns
 65182 | Depths:3 | Paralysed by an air elemental for 1 turns
 65188 | Depths:3 | Paralysed by an air elemental for 1 turns
 65195 | Depths:3 | Paralysed by an air elemental for 1 turns
 65201 | Depths:3 | Paralysed by an air elemental for 1 turns
 65531 | Depths:3 | Reached skill level 22 in Fighting
 65552 | Depths:3 | Paralysed by an air elemental for 1 turns
 65671 | Depths:3 | Paralysed by an air elemental for 1 turns
 65681 | Depths:2 | Killed Sojobo
 66094 | Depths:3 | Reached XP level 23. HP: 223/223 MP: 33/33
 66105 | Depths:3 | Reached skill level 1 in Conjurations
 66105 | Depths:3 | Noticed Norris
 66111 | Depths:3 | Killed Norris
 66112 | Depths:3 | Reached skill level 1 in Alchemy
 66364 | Depths:3 | Found a one-way gateway to a ziggurat.
 66622 | Depths:3 | Found Gozag's Platinum Reserve.
 66632 | Depths:3 | Found an opulent altar of Gozag.
 67002 | Depths:4 | Entered Level 4 of the Depths
 67149 | Depths:4 | Identified the +7 broad axe "Weugek" {drain, Dex+4}
 67808 | Depths:4 | Noticed a juggernaut
 67822 | Depths:4 | Killed a juggernaut
 68912 | Depths:1 | Bought a wand of light (18) for 1134 gold pieces
 69743 | Lair:3   | Killed samurai2's ghost
 70005 | Vaults:5 | Entered Level 5 of the Vaults
 70233 | Vaults:5 | Identified the +5 great sword "Ruyzag" {freeze, rElec rF+
                  | Str+5 Dex-4}
 70425 | Vaults:5 | Reached skill level 5 in Conjurations
 70460 | Vaults:5 | Reached skill level 5 in Alchemy
 70709 | Vaults:5 | Identified the +10 ring mail of Teoxt {Slay+3}
 71149 | Vaults:5 | Identified the ring "Yleelyj" {rElec rPois rC++ rCorr MP-9
                  | Dex-5}
 71295 | Vaults:5 | Identified the +0 robe "Myampunku" {^Drain rN++}
 71487 | Vaults:5 | Identified the amulet "Comm" {Acrobat Harm rN+}
 71565 | Vaults:5 | Identified the +1 chain mail "Woigytz" {Str-5 Int+2 SInv}
 71706 | Vaults:5 | Reached XP level 24. HP: 234/234 MP: 31/35
 71737 | Vaults:5 | Reached skill level 23 in Fighting
 71986 | Vaults:5 | Got a silver rune of Zot
 72169 | Vaults:5 | Identified the +7 broad axe of an ice cave {drain, Str+2}
 73545 | Vaults:5 | Identified the +0 pair of boots "Ticrui" {rPois rCorr Str-5
                  | Slay+5}
 74052 | Depths:4 | Found a gate to the Realm of Zot.
 74058 | Zot:1    | Entered Level 1 of the Realm of Zot
 74058 | Zot:1    | Noticed a Killer Klown
 74610 | Zot:1    | Noticed an orb of fire
 74630 | Zot:1    | Killed an orb of fire
 75583 | Zot:1    | Killed a Killer Klown
 77285 | Zot:2    | Reached skill level 10 in Spellcasting
 77834 | Zot:2    | Reached skill level 15 in Invocations
 79152 | Zot:3    | Reached XP level 25. HP: 232/243 MP: 37/37
 79156 | Zot:3    | Reached skill level 10 in Alchemy
 79488 | Zot:3    | Reached skill level 10 in Conjurations
 82183 | Zot:4    | Identified the +3 whip "Sacee" {freeze, ^Drain rF+++ Str+2
                  | Dex+3}
 84504 | Zot:5    | Entered Level 5 of the Realm of Zot
 84956 | Zot:5    | Noticed an orb of fire
 84966 | Zot:5    | Killed an orb of fire
 85639 | Zot:5    | Noticed an ancient lich
 85692 | Zot:5    | Noticed an ancient lich
 85693 | Zot:5    | Noticed an orb of fire
 85701 | Zot:5    | Killed an orb of fire
 85704 | Zot:5    | Killed an ancient lich
 85814 | Zot:5    | Noticed an orb of fire
 85819 | Zot:5    | Lost mutation: Your spells are a little harder to cast, but
                  | a little more powerful. [an orb of fire]
 85820 | Zot:5    | Gained mutation: You occasionally lose the ability to read
                  | scrolls when taking damage. [an orb of fire]
 85826 | Zot:5    | Gained mutation: You are clumsy. (Dex -2) [an orb of fire]
 85827 | Zot:5    | Killed an orb of fire
 85828 | Zot:5    | Reached XP level 26. HP: 113/250 MP: 25/37
 86115 | Zot:5    | Noticed an orb of fire
 86118 | Zot:5    | Gained mutation: You are weak. (Str -2) [an orb of fire]
 86132 | Zot:5    | Killed an orb of fire
 86273 | Zot:5    | Lost mutation: You are clumsy. (Dex -2) [potion of
                  | mutation]
 86273 | Zot:5    | Lost mutation: You occasionally shout uncontrollably at
                  | your foes. [potion of mutation]
 86273 | Zot:5    | Lost mutation: You are weak. (Str -2) [potion of mutation]
 86273 | Zot:5    | Gained mutation: You have a beak for a mouth. [potion of
                  | mutation]
 86273 | Zot:5    | Gained mutation: You are agile. (Dex +4, Str/Int -1)
                  | [potion of mutation]
 86274 | Zot:5    | Lost mutation: You are agile. (Dex +4, Str/Int -1) [potion
                  | of mutation]
 86274 | Zot:5    | Lost mutation: You have a beak for a mouth. [potion of
                  | mutation]
 86274 | Zot:5    | Lost mutation: You occasionally lose the ability to read
                  | scrolls when taking damage. [potion of mutation]
 86274 | Zot:5    | Gained mutation: Your magical capacity is low. (-10% MP)
                  | [potion of mutation]
 86274 | Zot:5    | Gained mutation: You expend magic power (3 MP) to
                  | strengthen your wands. [potion of mutation]
 86405 | Zot:5    | Killed an ancient lich
 86406 | Zot:5    | Noticed an ancient lich
 86416 | Zot:5    | Killed an ancient lich
 86568 | Zot:5    | Noticed a dread lich
 86574 | Zot:5    | Noticed a dread lich
 86583 | Zot:5    | Killed a dread lich
 86585 | Zot:5    | Killed a dread lich
 87359 | Zot:5    | Got the Orb of Zot
 88103 | D:$      | Escaped with the Orb!

Illustrated notes

Levels and vault maps discovered:
D:1:      dpeg_arrival_more_subterranean_lakeside_camping, layout_loops_ring
D:2:      layout_basic, serial_shops, shop, shop,
          nicolae_shop_tiny_real_fake_doors, shop, nicolae_square_shop,
          dreamdust_ecumenical_altar_statues
D:3:      layout_loops_cross, uniq_terence
D:4:      layout_cave_pools, uniq_duvessa, uniq_ijyb
D:5:      layout_basic, nicolae_ru_great_annihilating_truth,
          nicolae_qazlal_general_emergency, chequers_arboretum,
          kennysheep_generic_room_10
D:6:      minmay_bubble_buster, layout_basic, lemuel_round_altar,
          minmay_temple_entry_statues, serial_shops, nicolae_shop_behind_doors,
          uniq_prince_ribbit1
D:7:      layout_basic, uniq_menkaure, uniq_jeremiah
D:8:      layout_basic, zin_scriptorium, trog_book
D:9:      cheibrodos_statue_roulette, layout_cave_pools,
          lemuel_coloured_pillars_altar, lemuel_tele_altar, erik_lair_island,
          onia_ninara_dug_in_and_dangerous, uniq_joseph
D:10:     layout_roguey, serial_curves, eino_curves_03, eino_curves_01,
          st_stairs_4, uniq_amaemon, uniq_gastronok, uniq_lodul
D:11:     nicolae_cairo_tiling_very_big, layout_small_grid,
          palyth_stone_intersect, uniq_nergalle
D:12:     layout_basic, minmay_orc_entry_temple_small, gauntlet_entry_generic,
          nicolae_fountain_basement, uniq_maurice
D:13:     layout_rooms, erik_vaults_1, nicolae_trove_entry_crystal,
          amcnicky_mini_corridor_feature, corexii_leaking_fountain,
          water_maze_lemuel
D:14:     layout_loops_corners, serial_bayou_pond_d
D:15:     hangedman_depths_entry_civil_slaughter, layout_stronghold,
          nicolae_zig_zag_zippers
Temple:   eino_wide_crystal_templ
Lair:1:   layout_gridlike, minivault_24, minivault_25,
          eino_small_chamber_without_monster, pdpol_lair_cabin_in_the_woods
Lair:2:   layout_long_grid, dreamdust_gnoll_shepherd
Lair:3:   layout_roguey, nicolae_shoals_entry_roost, alex1729_snake_entry_snake,
          ebering_ghost_inner_flame, uniq_sonja
Lair:4:   layout_layer_cave, slime_entry_1, forest_entry_grove, uniq_josephine
Lair:5:   minmay_lair_end_frog_pond, layout_regular_city, uniq_urug
Shoals:1: layout_shoals, uniq_aizul
Shoals:2: nicolae_shoals_aurelia_aurita, layout_shoals, uniq_ilsuiw
Shoals:3: nzn_motion_control, layout_shoals, serial_shops,
          nicolae_shop_rolling_square
Shoals:4: shoals_end_grunt_ice, layout_shoals, nicolae_shoals_dead_sea_scrolls
Snake:1:  layout_grid_shapes
Snake:2:  nicolae_sea_snake_s, layout_rooms, minmay_shoptagon
Snake:3:  layout_basic, portal_ice_cave_entry_ice_simulacra,
          nicolae_shop_firing_range
Snake:4:  johnstein_snake_rune_scales, layout_cave_town,
          nicolae_snake_naga_rites, uniq_nikola
Orc:1:    layout_caves, nicolae_shop_clearance
Orc:2:    st_orc_town, layout_caves, uniq_jorgrun
Elf:1:    minmay_elf_arrival_circle, layout_loops_ring, minivault_28
Elf:2:    elven_hall_of_blades_hangedman_original
          [nicolae_blade_entry_crossed_weapons], layout_geoelf_octagon,
          serial_shops, nicolae_shop_back_alley_shop, minivault_4
Elf:3:    grunt_elf_hall_asides, layout_rooms
Vaults:1: nicolae_vaults_sealed_display, serial_library_hellmonk_open_square,
          nicolae_vaults_six-pack, ontoclasm_vaults_pinch,
          nicolae_vaults_variable_pillar_hall, vaults_standard_mumra_x,
          nicolae_vaults_heist, v_misc_13, layout_vaults_omnigrid, uniq_donald
Vaults:2: hangedman_vaults_snaps, nicolae_vaults_sesquioval_fish,
          nicolae_vaults_house_3, ontoclasm_vaults_misaligned,
          nicolae_vaults_ellipses_ellipsis, grunt_vaults_swirl,
          nicolae_vaults_tangram_1, nicolae_vaults_angled_halls,
          nicolae_vaults_prndl, nicolae_vaults_more_shelving_1, v_misc_5,
          nicolae_vaults_apartment_2, layout_vaults_maze_bifur
Vaults:3: nicolae_vaults_sesquioval_fish, dpeg_vaults_waves,
          minmay_crypt_entry_simple_sparse, vaults_room_corners,
          ontoclasm_vaults_shuriken, hangedman_vaults_pinch,
          nicolae_vaults_trapezoid_lopsided_1, vaults_mumra_hex,
          nicolae_vaults_network_star, vaults_standard_mumra_enter_the_diamond,
          vaults_room_hallway, vaults_room_door_ring, layout_vaults_omnicross
Vaults:4: grunt_vaults_focal, v_misc_12, nicolae_vaults_circle_grid_a,
          grunt_vaults_hallway_short, vaults_dpeg_ring,
          nicolae_vaults_little_squares_2, nicolae_vaults_library_corner,
          nicolae_vaults_diagonal_hallway_6, nicolae_vaults_border_crossing,
          nicolae_vaults_double_plus_1, nicolae_vaults_trapezoid_lopsided_4,
          ontoclasm_vaults_twist, nicolae_vaults_tetromino_T_2, serial_ice_g,
          layout_vaults_omnibox
Vaults:5
Depths:1: kennysheep_treasure_stockpile, layout_gridville,
          grunt_pan_entry_sceptre, hell_entry, yredelemnul_altar_generic,
          abyss_entry, grunt_decor_arrowhead, nicolae_shop_overcharged_wands
Depths:2: minmay_octagon_city, layout_long_grid, pan_entry, hell_entry,
          nicolae_dithmenos_shadow_blocks, infiniplex_staircase_zigzag_4,
          uniq_grunn, uniq_josephina, uniq_boris
Depths:3: grunt_twist_and_shout, layout_gridlike, enter_ziggurat_f,
          dreamdust_wishing_well, hell_entry, abyss_entry_crystal,
          nicolae_gozag_zags_fifth_avenue, minmay_staircase_windowed_large,
          uniq_sojobo, uniq_norris
Depths:4: evilmike_zot_entry_diamond, layout_gridlike, lightli_too_deep,
          reono_crystal_passage, nicolae_the_louvre
Zot:1:    layout_gridlike, evilmike_ambush [evilmike_ambush_outer_pillars,
          evilmike_ambush_inner_basic]
Zot:2:    layout_basic
Zot:3:    layout_gridlike, regret_index_zotdec_ex
Zot:4:    layout_concentric_octagons, hangedman_swamp_dais
Zot:5:    layout_basic, bh_zot_lava_cross, lemuel_lake_of_fire

Skill      XL: |  1  2  3  4  5  6  7  8  9 10 11 12 13 14 15 16 17 18 19 20 21 22 23 24 25 26 |
---------------+-------------------------------------------------------------------------------+-----
Stealth        | 1 2 |  2.0
Fighting       | 2 3 4 5 6 7 8 9 10 11 12 14 15 16 17 18 19 22 23 | 23.0
Unarmed Combat | 4 5 7 9 11 12 13 14 15 16 17 18 19 20 21 22 | 22.0
Shapeshifting  | 4 5 6 7 9 10 12 13 14 15 16 | 16.0
Evocations     | 2 4 6 7 8 9 |  9.0
Dodging        | 2 5 6 8 9 10 11 12 13 14 | 14.0
Invocations    | 3 4 5 7 8 10 11 12 14 15 16 17 | 17.9
Spellcasting   | 2 3 5 6 7 8 10 | 10.0
Earth Magic    | 3 4 |  4.0
Shields        | 5 10 11 13 14 15 16 18 19 | 19.6
Translocations | 5 10 11 | 11.0
Conjurations   | 6 9 11 12 | 12.0
Alchemy        | 6 9 11 12 | 12.0

Action                     |  1- 3 |  4- 6 |  7- 9 | 10-12 | 13-15 | 16-18 | 19-21 | 22-24 | 25-27 || total
---------------------------+-------+-------+-------+-------+-------+-------+-------+-------+-------++-------
  Melee: Unarmed           |    98 |    86 |   299 |   700 |  1317 |  1543 |  1413 |  1514 |   664 ||  7634
         Dagger            |     9 |       |       |       |       |       |       |       |       ||     9
         Tailslap          |    10 |    24 |    45 |   135 |   251 |   330 |   270 |   291 |    98 ||  1454
         Punch             |     1 |     1 |     2 |       |    44 |       |     1 |     2 |     1 ||    52
         Short sword       |       |    51 |       |       |       |       |       |       |       ||    51
         Maw               |       |       |       |       |   405 |   560 |   455 |   492 |   184 ||  2096
         Bite              |       |       |       |       |       |       |     1 |     3 |     1 ||     5
  Throw: Stone             |     9 |     7 |    38 |       |       |       |       |       |       ||    54
         Boomerang         |       |     7 |    11 |       |    15 |       |       |       |       ||    33
         Javelin           |       |       |       |       |       |     5 |       |       |       ||     5
   Cast: Passwall          |       |       |       |       |     1 |       |       |       |       ||     1
         Manifold Assault  |       |       |       |       |       |       |   139 |   348 |   159 ||   646
         Blink             |       |       |       |       |       |       |     1 |       |       ||     1
         Irradiate         |       |       |       |       |       |       |       |    13 |    49 ||    62
 Invoke: Stomp             |       |       |     1 |     2 |     1 |       |       |       |       ||     4
         Line Pass         |       |       |       |     1 |       |       |       |       |       ||     1
         Grand Finale      |       |       |       |       |     1 |       |     2 |       |     1 ||     4
Ability: Breathe Dispellin |       |       |     2 |     2 |       |     7 |    14 |     6 |     5 ||    36
  Evoke: Wand              |       |     4 |    28 |    40 |    23 |    26 |     8 |     3 |     9 ||   141
         Tin of tremorston |       |       |     2 |     3 |     6 |     5 |     3 |     1 |     2 ||    22
         Sack of spiders   |       |       |       |       |     1 |     3 |     2 |     1 |       ||     7
         Lightning rod     |       |       |       |       |     4 |     8 |     8 |     4 |       ||    24
    Use: Scroll            |     6 |     7 |    11 |    11 |     2 |     5 |    13 |    17 |     2 ||    74
         Potion            |       |     1 |       |     1 |     1 |     4 |     2 |     9 |     9 ||    27
   Stab: Sleeping          |     4 |       |     1 |       |     4 |       |       |       |       ||     9
         Paralysed         |       |       |     8 |    40 |    86 |   113 |   108 |   108 |    39 ||   502
         Distracted        |       |       |     1 |       |     2 |       |     3 |       |       ||     6
         Invisible         |       |       |       |       |     2 |    46 |     7 |     2 |     2 ||    59
 Armour: Skin              |    45 |    63 |   126 |   316 |   495 |   381 |   388 |   412 |   213 ||  2439
  Dodge: Dodged            |    38 |    52 |   149 |   468 |   656 |   629 |   322 |   295 |   138 ||  2747
  Block: Kite shield       |       |       |       |       |   457 |   378 |       |       |       ||   835
         Other             |       |       |       |       |    16 |       |     1 |     2 |       ||    19
         Reflection        |       |       |       |       |    13 |   175 |   126 |    53 |    16 ||   383
         Tower shield      |       |       |       |       |       |  1123 |  1138 |   953 |   535 ||  3749
   Form: Flux              |       |       |     1 |       |       |       |       |       |       ||     1
         Maw               |       |       |       |       |     1 |     3 |     1 |     1 |     1 ||     7
         Dragon            |       |       |       |       |       |     2 |     1 |     2 |       ||     5
         Blade             |       |       |       |       |       |     1 |       |       |       ||     1
         Storm             |       |       |       |       |       |       |       |     1 |       ||     1
